 Dungeon Crawl Stone Soup version 0.22.1-2-g9c5b331 (webtiles) character file.

53 voilodion the Vexing (level 3, -1/33 HPs)
             Began as a Troll Arcane Marksman on Dec 2, 2018.
             Slain by Natasha (7 damage)
             ... on level 2 of the Dungeon.
             The game lasted 00:08:47 (843 turns).

voilodion the Vexing (Troll Arcane Marksman)         Turns: 843, Time: 00:08:47

Health: -1/33      AC:  5    Str: 19    XL:     3   Next: 62%
Magic:  3/3        EV: 11    Int:  9    God:
Gold:   75         SH:  0    Dex: 10    Spells: 3/4 levels left

rFire    . . .     SeeInvis .   e - +0 hand axe
rCold    . . .     Gourm    +   (no shield)
rNeg     . . .     Faith    .   s - +0 robe
rPois    .         Spirit   .   (helmet restricted)
rElec    .         Reflect  .   (no cloak)
rCorr    .         Harm     .   (gloves unavailable)
MR       .....                  (boots unavailable)
Stlth    ++........             (no amulet)
HPRegen  0.51/turn              b - ring of stealth
MPRegen  0.08/turn              w - +1 ring of evasion

@: no status effects
A: large, unfitting armour, claws 3, fast metabolism 3, gourmand, regeneration
1, shaggy fur 1, tough skin 2
a: no special abilities


You were on level 2 of the Dungeon.
You were not hungry.

You visited 1 branch of the dungeon, and saw 2 of its levels.

You collected 75 gold pieces.

Inventory:

Hand Weapons
 e - a +0 hand axe (weapon)
 g - a cursed -3 club
 i - a +0 short sword
 l - a +0 club
 n - a +0 dagger
 p - a +0 club
 q - a +0 short sword
 u - a +0 short sword
 v - a +0 club
 y - a cursed -2 club
Missiles
 c - 3 large rocks (quivered)
 d - 2 throwing nets
 h - 79 stones
 j - 23 poisoned needles
Armour
 a - a +0 robe
 m - a cursed +0 ring mail
 r - a +1 helmet of intelligence
 s - a +0 robe (worn)
 t - a +0 leather armour
Jewellery
 b - a ring of stealth (left claw)
 w - a +1 ring of evasion (right claw)
Scrolls
 o - a scroll of identify
 x - a scroll of teleportation
Potions
 k - a potion of mutation {unknown}
Comestibles
 f - a ration


   Skills:
 + Level 1.0 Fighting
 + Level 2.0 Throwing
 + Level 2.1 Dodging
 + Level 1.2 Unarmed Combat
 + Level 1.1 Spellcasting
 + Level 2.3 Hexes


You had 3 spell levels left.
You knew the following spells:

 Your Spells              Type           Power        Failure   Level  Hunger
a - Corona                Hex            #......      14%         1    ##.....

Your spell library contained the following spells:

 Spells                   Type           Power        Failure   Level  Hunger
 Slow                     Hex            #.......     21%         2    ###....
 Inner Flame              Hex/Fire       #.......     56%         3    ####...
 Portal Projectile        Hex/Tloc       #.....       56%         3    ####...
 Cause Fear               Hex            #.........   80%         4    #####..
 Leda's Liquefaction      Hex/Erth       #.........   92%         4    #####..


Dungeon Overview and Level Annotations

Branches:
Dungeon (2/15)

Altars:

Annotations:
D:2 Natasha


Innate Abilities, Weirdness & Mutations

You are too large for most types of armour.
You have claws for hands.
Your metabolism is lightning-fast.
You like to eat raw meat.
Your natural rate of healing is unusually fast.
You are covered in fur. (AC +1)
You have very tough skin. (AC +2)


Message History

The magic dart hits you!
* * * LOW HITPOINT WARNING * * *
Throwing (i - inventory. (/) - cycle)
c - 4 large rocks (quivered)
Press: ? - help, Shift-Dir - straight line, f - Natasha
Aim: Natasha (moderately wounded)
You throw a large rock. The large rock hits Natasha!
Natasha is almost dead.
Natasha casts a spell at you. The magic dart hits you!
* * * LOW HITPOINT WARNING * * *
You completely miss Natasha.
Natasha is almost dead.
Natasha claws you but does no damage.
You hit Natasha.
Natasha is almost dead.
Natasha barely misses you.
You barely miss Natasha.
Natasha is almost dead.
Natasha claws you!
You die...

#.###.### ######
####........
####....####.....##.###
#............###.##<#
#.#....########.##.# ####
#.......#.....##.# #....
#####.##.....†##.#####
#.....#####.##..##>#.......#
........(.h@....#...†..###.#
#.....#####.#...#..#.....#.#
#.... #.#...............
#... #.#..#...........# ##.
#.#..####......... # #.# .
..........# #.#
.###....†.... #.# #.........
#.......#.


You could see Natasha.

Vanquished Creatures
  An ooze (D:1)
  2 dart slugs
  3 giant cockroaches (D:1)
  2 goblins (D:1)
  10 hobgoblins
  8 jackals
  5 bats (D:1)
  2 frilled lizards (D:1)
  3 kobolds (D:1)
  2 rats (D:1)
38 creatures vanquished.

Notes
Turn   | Place    | Note
-------+----------+-------------------------------------------
     0 | D:1      | voilodion the Troll Arcane Marksman began the quest for the
                  | Orb.
     0 | D:1      | Reached XP level 1. HP: 18/18 MP: 1/1
     7 | D:1      | Noticed a salamander
     7 | D:1      | Noticed a swamp worm
     8 | D:1      | Noticed a wolf
     8 | D:1      | Noticed a worker ant
    38 | D:1      | Reached skill level 1 in Fighting
   146 | D:1      | Reached XP level 2. HP: 27/27 MP: 2/2
   269 | D:1      | Reached XP level 3. HP: 14/33 MP: 3/3
   767 | D:2      | Reached skill level 1 in Unarmed Combat
   824 | D:2      | Noticed Natasha
   843 | D:2      | Slain by Natasha

Skill      XL: |  1  2  3 |
---------------+----------+-----
Fighting       | 1 |  1.0
Throwing       | 2 |  2.0
Dodging        | 2 |  2.1
Unarmed Combat | 1 |  1.2
Spellcasting   | |  1.1
Hexes          | |  2.3

Action                   || total
-------------------------++-------
Melee: Unarmed           ||    90
       Hand axe          ||    55
Throw: Large rock        ||     5
  Use: Scroll            ||     1
 Stab: Sleeping          ||     1
  Eat: Ration            ||     2
       Chunk             ||     1
Armor: Robe              ||    63
Dodge: Dodged            ||   111
